 Dungeon Crawl Stone Soup version 0.21-a0-529-g8c7b3f5 (webtiles) character file.

6227 kae the Grappler (level 10, -12/98 HPs)
             Began as a Troll Monk on Dec 10, 2017.
             Was a Priest of Wu Jian.
             Mangled by a two-headed ogre
             ... wielding a +0 giant spiked club
              (16 damage)
             ... on level 9 of the Dungeon.
             The game lasted 00:09:49 (7889 turns).

kae the Grappler (Troll Monk)                       Turns: 7889, Time: 00:09:50

Health: -12/98     AC:  6    Str: 21    XL:     10   Next: 61%
Magic:  11/11      EV: 12    Int:  6    God:    Wu Jian [***...]
Gold:   531        SH: 11    Dex: 15    Spells: 9/9 levels left

rFire    . . .     SeeInvis .     - Unarmed
rCold    . . .     Gourm    +   g - +1 shield
rNeg     . . .     Faith    .   a - +0 robe
rPois    +         Spirit   .   (helmet restricted)
rElec    .         Reflect  .   s - +0 cloak
rCorr    +         Harm     .   (gloves unavailable)
MR       .....                  (boots unavailable)
Stlth    ++........             (no amulet)
HPRegen  0.66/turn              l - ring of resist corrosion
MPRegen  0.12/turn              o - ring of poison resistance

@: starving
A: large, unfitting armour, claws 3, fast metabolism 3, gourmand, mutation
resistance 1, regeneration 1, shaggy fur 1, tough skin 2
a: Serpent's Lash, Renounce Religion


You were on level 9 of the Dungeon.
You worshipped Wu Jian.
Wu Jian was most pleased with you.
You were starving.

You visited 2 branches of the dungeon, and saw 10 of its levels.
You also visited: Sewer and Ossuary.

You collected 631 gold pieces.
You spent 100 gold pieces at shops.

Inventory:

Armour
 a - a +0 robe (worn)
 g - a +1 shield (worn)
 s - a +0 cloak (worn)
Jewellery
 l - a ring of resist corrosion (left claw)
 m - an uncursed ring of fire
 o - a ring of poison resistance (right claw)
 B - an uncursed amulet of harm
Wands
 w - a wand of acid (6)
 H - a wand of flame (23)
Scrolls
 d - 4 scrolls of enchant weapon
 e - 5 scrolls of remove curse
 f - 2 scrolls of magic mapping
 h - 3 scrolls of fog
 i - 3 scrolls of fear
 n - 6 scrolls of teleportation
 y - a scroll of blinking
 C - a scroll of identify
 I - a scroll of enchant armour
Potions
 j - 3 potions of magic
 p - a potion of brilliance
 q - a potion of flight
 r - 3 potions of curing
 t - a potion of cancellation
 u - 3 potions of haste
 v - 4 potions of might
 z - 2 potions of resistance
 D - a potion of agility
 F - a potion of ambrosia {unknown}
Books
 A - a Fen Folio

   Spells                             Type                      Level
   a - Corpse Rot                     Necromancy                   2
   b - Stone Arrow                    Conjuration/Earth            3
   c - Leda's Liquefaction            Hexes/Earth                  4
   d - Summon Forest                  Summoning/Translocation      5
   e - Hydra Form                     Transmutation                6
   f - Summon Hydra                   Summoning                    7
 E - a book of Maledictions

   Spells                             Type                      Level
   a - Corona                         Hexes                        1
   b - Ensorcelled Hibernation        Hexes/Ice                    2
   c - Confuse                        Hexes                        3
   d - Tukima's Dance                 Hexes                        3
   e - Dazzling Spray                 Conjuration/Hexes            3
 G - a book of Misfortune

   Spells                             Type                      Level
   a - Confusing Touch                Hexes                        1
   b - Confuse                        Hexes                        3
   c - Gell's Gravitas                Translocation                3
   d - Petrify                        Transmutation/Earth          4
   e - Metabolic Englaciation         Hexes/Ice                    5
   f - Yara's Violent Unravelling     Hexes/Transmutation          5
Comestibles
 b - 7 bread rations
 c - 8 fruits
 k - 2 royal jellies
 x - 4 meat rations


   Skills:
 + Level 6.2 Fighting
 + Level 6.2 Dodging
 - Level 1.0 Stealth
 + Level 5.4 Shields
 * Level 10.2 Unarmed Combat
 + Level 3.7 Evocations


You had 9 spell levels left.
You didn't know any spells.

Dungeon Overview and Level Annotations

Branches:
Dungeon (9/15)             Temple (1/1) D:7
   Lair: D:8-11         Orc: D:9-12

Altars:
Ashenzari
Cheibriados
Dithmenos
Elyvilon
Fedhas
Gozag
Hepliaklqana
Kikubaaqudgha
Makhleb
Nemelex Xobeh
Okawaru
Qazlal
Ru
Sif Muna
Trog
Uskayaw
Vehumet
Wu Jian
Xom
Yredelemnul
Zin
The Shining One

Shops:
D:6 *


Innate Abilities, Weirdness & Mutations

You are too large for most types of armour.
You have claws for hands.
Your metabolism is lightning-fast.
You like to eat raw meat.
Your natural rate of healing is unusually fast.
You are covered in fur. (AC +1)
You have very tough skin. (AC +2)
You are somewhat resistant to further mutation.


Message History

You see here a book of Minor Magic.
You repeatedly attack the killer bee from above.
You claw the killer bee!
The killer bee is heavily wounded.
You scratch the killer bee but do no damage.
The killer bee is heavily wounded.
You repeatedly attack the two-headed ogre from above.
You scratch the two-headed ogre but do no damage.
The two-headed ogre is severely wounded.
You scratch the two-headed ogre but do no damage.
The two-headed ogre is severely wounded.
You scratch the two-headed ogre.
The two-headed ogre is severely wounded.
The killer bee barely misses you. x2
The two-headed ogre hits you with a giant spiked club!
You block the two-headed ogre's attack. The killer bee closely misses you.
The two-headed ogre hits you with a giant spiked club!!
* * * LOW HITPOINT WARNING * * *
The two-headed ogre hits you with a giant club!
You die...

.)...... ...
.......##....
............
>..........
#...!......
#..........
#..........
#.§O§......
#:y@§......
#†§§§......
#..........
##......?..
#.[...##...
#.#...# ##
### +..####
..# #..# ..#
#..#


You could see a two-headed ogre and a killer bee.

Vanquished Creatures
  A two-headed ogre (D:8)
  A gargoyle (D:8)
  A troll (D:9)
  3 hippogriffs
  The ghost of Typee the Sneak, an amateur OpFE (Ossuary)
  A wyvern (D:8)
  Sigmund (D:5)
  4 hungry ghosts
  Edmund (D:5)
  An ice beast (D:6)
  2 black bears
  2 phantoms
  2 sky beasts
  3 ogres
  2 centaurs (D:5)
  8 bullfrogs
  5 scorpions
  A killer bee (D:8)
  2 howler monkeys
  A bullfrog zombie (D:6)
  7 crimson imps
  A centaur zombie (D:9)
  4 hounds
  A bullfrog skeleton (D:7)
  3 orc priests
  An iguana (D:8)
  6 orc wizards
  3 worker ants
  A hound zombie (D:5)
  11 mummies (Ossuary)
  A howler monkey skeleton (D:5)
  11 gnolls
  20 adders
  3 river rats (Sewer)
  2 shadow imps (D:8)
  2 oozes (D:1)
  A worm zombie (D:6)
  An adder skeleton (D:6)
  2 worms
  6 dart slugs
  10 leopard geckos
  30 orcs
  10 bats
  8 giant cockroaches
  10 goblins
  13 hobgoblins
  11 jackals
  2 quokkas
  13 ball pythons
  4 frilled lizards
  A giant cockroach zombie (D:6)
  2 gnoll skeletons (Ossuary)
  3 goblin skeletons (Ossuary)
  A jackal skeleton (D:5)
  10 kobolds
  A leopard gecko zombie (D:5)
  3 orc skeletons (Ossuary)
  A quokka skeleton (D:7)
  A quokka zombie (D:8)
  36 rats
  11 rat skeletons (Ossuary)
311 creatures vanquished.

Notes
Turn   | Place    | Note
-------+----------+-------------------------------------------
     0 | D:1      | kae the Troll Monk began the quest for the Orb.
     0 | D:1      | Reached XP level 1. HP: 22/22 MP: 0/0
    14 | D:1      | Reached XP level 2. HP: 28/29 MP: 1/1
   190 | D:1      | Reached XP level 3. HP: 36/36 MP: 2/2
   585 | D:2      | Reached skill level 4 in Unarmed Combat
   668 | D:2      | Reached XP level 4. HP: 43/44 MP: 3/3
  1513 | D:3      | Reached skill level 1 in Shields
  1521 | D:3      | Reached XP level 5. HP: 53/53 MP: 4/4
  1989 | D:4      | Found a glowing drain.
  2011 | Sewer    | Entered a sewer
  2284 | Sewer    | Reached XP level 6. HP: 58/61 MP: 5/5
  2296 | Sewer    | Reached skill level 5 in Unarmed Combat
  2580 | D:4      | Reached XP level 7. HP: 65/68 MP: 6/6
  2615 | D:4      | Found a glowing silver altar of Zin.
  2617 | D:4      | Found a snail-covered altar of Cheibriados.
  2617 | D:4      | Found a sparkling altar of Nemelex Xobeh.
  2621 | D:4      | Found a shadowy altar of Dithmenos.
  2621 | D:4      | Found a basalt altar of Yredelemnul.
  3054 | D:4      | Reached skill level 6 in Unarmed Combat
  3215 | D:5      | Entered Level 5 of the Dungeon
  3232 | D:5      | Noticed Edmund
  3241 | D:5      | Killed Edmund
  3305 | D:5      | Reached XP level 8. HP: 78/78 MP: 7/7
  3584 | D:5      | Found a shimmering altar of Xom.
  3584 | D:5      | Found a shimmering altar of Xom.
  3585 | D:5      | Found a shimmering altar of Xom.
  3672 | D:5      | Noticed Sigmund
  3678 | D:5      | Killed Sigmund
  3678 | D:5      | Reached skill level 7 in Unarmed Combat
  3902 | D:6      | Reached skill level 1 in Evocations
  3926 | D:6      | Found Raurhac's Assorted Antiques.
  3970 | D:6      | Bought a scroll labeled XUESHRIAVIB for 25 gold pieces
  3970 | D:6      | Bought a scroll of identify for 50 gold pieces
  3970 | D:6      | Bought a scroll labeled XAINECWEB for 25 gold pieces
  4032 | D:6      | Found a sand-covered staircase.
  4048 | Ossuary  | Entered an ossuary
  4075 | Ossuary  | Noticed Typee's ghost (amateur OpFE)
  4102 | Ossuary  | Killed Typee's ghost
  4293 | Ossuary  | Reached XP level 9. HP: 87/87 MP: 9/9
  4349 | Ossuary  | Reached skill level 8 in Unarmed Combat
  4480 | D:6      | Reached skill level 5 in Dodging
  4486 | D:6      | Reached skill level 5 in Fighting
  5723 | D:7      | Found a staircase to the Ecumenical Temple.
  5736 | Temple   | Entered the Ecumenical Temple
  5832 | Temple   | Became a worshipper of the Wu Jian Council
  5832 | Temple   | Reached * piety under Wu Jian
  5832 | Temple   | Reached ** piety under Wu Jian
  6331 | D:8      | Found a runed door.
  6350 | D:8      | Reached skill level 9 in Unarmed Combat
  6432 | D:8      | Found a runed door.
  6857 | D:8      | Found a stormy altar of Qazlal.
  6857 | D:8      | Noticed a two-headed ogre
  6858 | D:8      | Found a radiant altar of Vehumet.
  6858 | D:8      | Found a glowing golden altar of the Shining One.
  6858 | D:8      | Found a bloodstained altar of Trog.
  6904 | D:8      | Killed a two-headed ogre
  6904 | D:8      | Reached XP level 10. HP: 79/98 MP: 11/11
  6948 | D:8      | Found a hazy altar of Hepliaklqana.
  6948 | D:8      | Found an iron altar of Okawaru.
  7131 | D:8      | Noticed a gargoyle
  7158 | D:8      | Gained mutation: You are somewhat resistant to further mutation. [potion of mutation]
  7196 | D:8      | HP: 3/98 [gargoyle/stone arrow (23)]
  7199 | D:8      | Killed a gargoyle
  7199 | D:8      | Reached skill level 5 in Shields
  7387 | D:8      | Reached *** piety under Wu Jian
  7576 | D:9      | Reached skill level 10 in Unarmed Combat
  7745 | D:9      | Noticed a two-headed ogre
  7889 | D:9      | HP: 4/98 [two-headed ogre/giant spiked club (30)]
  7889 | D:9      | Mangled by a two-headed ogre

Vault maps used:
D:1:      saegor_arrival_simple_b, minmay_misc_feat_alley, st_stairs_6
D:2:      first_bread, minmay_tall_x
D:4:      grunt_temple_overflow_open, gup_sewer_entry_pipe
D:5:      xom_redecorated, minivault_11, uniq_edmund, uniq_sigmund
D:6:      enter_ossuary_3, serial_shops, nicolae_shop_crystal, dk_noncrumbling_3
D:7:      minmay_temple_entry_nine_rooms
D:8:      cheibrodos_histonic, minmay_overflow_temple_hex
D:9:      hangedman_cross_veins, grunt_ogre_cave
Temple:   compressed_dpeg_circular_temple
Sewer:    sewer_minmay_w
Ossuary:  ossuary_due_small_catacomb

Skill      XL: |  1  2  3  4  5  6  7  8  9 10 |
---------------+-------------------------------+-----
Unarmed Combat | 4 5 6 7 9 10 | 10.2
Dodging        | 3 4 5 6 |  6.2
Fighting       | 3 4 5 6 |  6.2
Shields        | 1 2 3 4 5 |  5.4
Evocations     | 1 3 |  3.7
Stealth        | |  1.0

Action                   |  1- 3 |  4- 6 |  7- 9 | 10-12 || total
-------------------------+-------+-------+-------+-------++-------
Melee: Unarmed           |   100 |   258 |   390 |   172 ||   920
       Punch             |     3 |       |       |       ||     3
Evoke: Wand              |       |       |     2 |       ||     2
  Use: Scroll            |       |    13 |     9 |     4 ||    26
       Potion            |       |     1 |     1 |     2 ||     4
 Stab: Sleeping          |     1 |     3 |     5 |       ||     9
  Eat: Chunk             |    11 |    19 |    40 |     5 ||    75
Armor: Robe              |    50 |    80 |    48 |    14 ||   192
       Skin              |       |    52 |     4 |       ||    56
Dodge: Dodged            |    46 |    98 |    96 |    58 ||   298
Block: Shield            |    10 |   118 |   120 |    65 ||   313

Table legend:
 A = Spawn XP
 B = Non-spawn XP
 C = Spawn XP percentage of total XP
 D = Spawn monster count
 E = Non-spawn monster count
 F = Spawn count percentage of total count
 G = Total turns spent on level
                    A         B        C        D         E        F      G
               +---------+---------+-------+---------+---------+-------+---------
         Total |       0 |    8896 |   0.0 |       0 |     311 |   0.0 |  7889
               +---------+---------+-------+---------+---------+-------+---------
           D:1 |       0 |      73 |   0.0 |       0 |      35 |   0.0 |   533
           D:2 |       0 |      77 |   0.0 |       0 |      23 |   0.0 |   914
           D:3 |       0 |      99 |   0.0 |       0 |      23 |   0.0 |   491
           D:4 |       0 |     457 |   0.0 |       0 |      42 |   0.0 |   765
           D:5 |       0 |     956 |   0.0 |       0 |      17 |   0.0 |   649
           D:6 |       0 |     736 |   0.0 |       0 |      22 |   0.0 |   592
           D:7 |       0 |     551 |   0.0 |       0 |       9 |   0.0 |   989
           D:8 |       0 |    3576 |   0.0 |       0 |      42 |   0.0 |  1513
           D:9 |       0 |    1626 |   0.0 |       0 |      19 |   0.0 |   410
         Sewer |       0 |     339 |   0.0 |       0 |      48 |   0.0 |   512
       Ossuary |       0 |     406 |   0.0 |       0 |      31 |   0.0 |   399
               +---------+---------+-------+---------+---------+-------+---------
